Anaheim Ducks vs Pittsburgh Penguins
Created - Tuesday, May 14, 2024 at 07:29
Goals
|
| Anaheim Ducks |
0 |
0 |
2 |
2 |
| Pittsburgh Penguins |
3 |
0 |
1 |
4 |
|
Shots
|
| Anaheim Ducks |
8 |
3 |
14 |
25 |
| Pittsburgh Penguins |
12 |
9 |
15 |
36 |
|
1st period
1. Pittsburgh Penguins , Anders Lee 26 (Jean-Gabriel Pageau 39) at 4:28
2. Pittsburgh Penguins , Ryan Johansen 12 (Mattias Ekholm 15) at 6:56
3. Pittsburgh Penguins , Jean-Gabriel Pageau 18 (Sam Reinhart 41) at 13:22 (PP)
Penalties :
Josh Manson (ANA) for Holding (Minor) at 12:26
2nd period
No Goal
Penalties :
No Penalty
3rd period
4. Anaheim Ducks , Chandler Stephenson 17 (Brayden Schenn 18, Josh Manson 14) at 13:54
5. Anaheim Ducks , Mark Scheifele 42 (William Nylander 58) at 16:30
6. Pittsburgh Penguins , Mitchell Marner 29 (Leon Draisaitl 47, Erik Karlsson 27) at 19:11 (Empty Net)
Penalties :
No Penalty
Goalie Stats
Linus Ullmark (ANA), 32 saves from 35 shots - (0.914), L, 31-18-3, 59:23 minutes
Akira Schmid (PIT), 23 saves from 25 shots - (0.920), W, 21-10-6, 60:00 minutes
Players Stats for Anaheim Ducks
Player Name G A P +/- PIM S H SB GA TA FO MP PP MP PK MP
------------------------------------------------------------------------------------
Alex Killorn 0 0 0 1 0 0 0 1 0 0 0/0 17:44 0:00 0:36
Brayden Schenn 0 1 1 0 0 1 3 0 1 0 0/1 17:59 0:00 0:00
Brenden Dillon 0 0 0 0 0 1 0 0 0 1 0/0 17:49 0:00 0:44
Calle Jarnkrok 0 0 0 0 0 1 1 0 0 1 0/0 8:53 0:00 0:00
Chandler Stephenson 1 0 1 1 0 4 1 0 2 0 6/18 17:38 0:00 0:36
Esa Lindell 0 0 0 0 0 0 1 0 0 1 0/0 21:19 0:00 0:56
Ivan Provorov 0 0 0 0 0 1 3 0 0 2 0/0 20:43 0:00 0:12
J.T. Compher 0 0 0 -3 0 1 1 0 0 0 1/2 13:01 0:00 0:20
John Tavares 0 0 0 1 0 1 5 1 0 0 15/25 21:03 0:00 0:00
Josh Manson 0 1 1 0 2 0 0 0 0 1 0/0 16:55 0:00 0:00
Joshua Morrissey 0 0 0 -1 0 1 1 0 0 0 0/0 20:53 0:00 0:00
Mark Scheifele 1 0 1 1 0 6 1 1 3 1 0/1 21:08 0:00 0:00
Mason Marchment 0 0 0 0 0 0 0 0 0 1 0/0 8:37 0:00 0:00
Max Domi 0 0 0 -3 0 3 2 1 0 0 3/6 12:36 0:00 0:00
Morgan Rielly 0 0 0 -1 0 1 0 0 0 0 0/0 20:45 0:00 0:00
Nazem Kadri 0 0 0 0 0 1 3 0 1 0 0/0 8:50 0:00 0:00
Teuvo Teravainen 0 0 0 -2 0 0 1 0 0 0 0/0 12:07 0:00 0:20
William Nylander 0 1 1 1 0 3 1 0 2 0 2/2 21:03 0:00 0:00
Players Stats for Pittsburgh Penguins
Player Name G A P +/- PIM S H SB GA TA FO MP PP MP PK MP
------------------------------------------------------------------------------------
Anders Lee 1 0 1 0 0 5 0 1 1 0 0/1 17:17 0:29 0:00
Brian Dumoulin 0 0 0 0 0 1 0 2 0 1 0/0 20:55 0:20 0:00
Colton Sissons 0 0 0 -1 0 1 0 0 0 0 2/2 8:42 0:00 0:00
Erik Gudbranson 0 0 0 -1 0 1 1 0 0 1 0/0 17:44 0:00 0:00
Erik Karlsson 0 1 1 2 0 0 1 0 0 1 0/0 20:39 0:36 0:00
Gabriel Vilardi 0 0 0 -1 0 0 0 0 0 1 0/0 8:55 0:00 0:00
J.J. Moser 0 0 0 -1 0 0 0 1 0 1 0/0 17:52 0:00 0:00
Jean-Gabriel Pageau 1 1 2 0 0 5 1 2 2 2 8/15 17:16 0:29 0:00
Jordan Eberle 0 0 0 0 0 3 1 1 0 0 0/2 19:40 0:00 0:00
Leon Draisaitl 0 1 1 1 0 3 1 1 0 0 10/17 18:41 0:27 0:00
Mattias Ekholm 0 1 1 2 0 0 0 0 0 1 0/0 20:25 0:36 0:00
Mitchell Marner 1 0 1 1 0 6 2 0 1 0 1/2 18:49 0:27 0:00
Pavel Buchnevich 0 0 0 1 0 0 0 1 0 1 2/2 18:54 0:27 0:00
Phillip Danault 0 0 0 1 0 1 0 0 0 0 5/13 15:31 0:00 0:00
Ryan Johansen 1 0 1 1 0 2 2 0 2 0 0/1 15:31 0:00 0:00
Ryan Suter 0 0 0 0 0 1 1 0 0 0 0/0 21:09 0:20 0:00
Sam Reinhart 0 1 1 0 0 7 5 0 1 0 0/0 17:34 0:29 0:00
Tom Wilson 0 0 0 0 0 0 2 0 1 0 0/0 4:26 0:00 0:00
3 Stars
1 - Jean-Gabriel Pageau (PIT)
2 - Ryan Johansen (PIT)
3 - Mitchell Marner (PIT)
Power Play
Anaheim Ducks - 0 on 0 Attempt(s) - 0.00%
Pittsburgh Penguins - 1 on 1 Attempt(s) - 100.00%
Penalty Kill
Anaheim Ducks - 0 on 1 Attempt(s) - 0.00%
- Score 0 goal in Penalty Kill
Pittsburgh Penguins - 0 on 0 Attempt(s) - 0.00%
- Score 0 goal in Penalty Kill
Team Stat
Anaheim Ducks - Hits : 24 - Faceoff Wins : 27 - Blocked Shots : 4 - Penalty Minutes : 2
Pittsburgh Penguins - Hits : 17 - Faceoff Wins : 28 - Blocked Shots : 9 - Penalty Minutes : 0
Official
Referees : Rob Martell and Eric Furlatt
Linesman : Kiel Murchison and Devin Berg
Game Notes
Mitchell Marner has scored in a empty net!
Finance
Level 1 -- Attendance: 5292 (88.20%) -- Ticket Income $529,200
Level 2 -- Attendance: 3641 (72.82%) -- Ticket Income $218,460
Level 3 -- Attendance: 2401 (80.03%) -- Ticket Income $84,035
Level 4 -- Attendance: 4013 (80.26%) -- Ticket Income $100,325
Luxury Box -- Attendance: 860 (86.00%) -- Ticket Income $172,000
Game was played at the Consol Energy Center.
Total Attendance: 16207 (81.04%)
Total Ticket Income: $1,104,020
Other Income: $386,407
Total Income: $1,490,427
Anaheim Ducks
5 vs 5 Forward
Center Left Wing Right Wing Time % Phy DF OF
1 John Tavares William Nylander Mark Scheifele 40 1 2 2
2 Chandler Stephenson Alex Killorn Brayden Schenn 30 1 2 2
3 Max Domi Teuvo Teravainen J.T. Compher 20 1 2 2
4 Nazem Kadri Calle Jarnkrok Mason Marchment 10 1 2 2
5 vs 5 Defense
Defense Defense Time % Phy DF OF
1 Morgan Rielly Joshua Morrissey 35 1 2 2
2 Ivan Provorov Esa Lindell 35 1 2 2
3 Brenden Dillon Josh Manson 30 1 2 2
4 Morgan Rielly Esa Lindell 0 1 2 2
PowerPlay Forward
Center Left Wing Right Wing Time % Phy DF OF
1 John Tavares William Nylander Mark Scheifele 60 1 1 3
2 Chandler Stephenson Alex Killorn Brayden Schenn 40 0 1 4
PowerPlay Defense
Defense Defense Time % Phy DF OF
1 Morgan Rielly Joshua Morrissey 60 1 2 2
2 Josh Manson Esa Lindell 40 1 2 2
Penalty Kill 4 Players Forward
Center Wing Time % Phy DF OF
1 Chandler Stephenson Alex Killorn 55 1 3 1
2 J.T. Compher Teuvo Teravainen 45 1 3 1
Penalty Kill 4 Players Defense
Defense Defense Time % Phy DF OF
1 Esa Lindell Ivan Provorov 50 1 3 1
2 Brenden Dillon Josh Manson 50 1 3 1
Penalty Kill - 3 Players Forward
Forward Time % Phy DF OF
1 Alex Killorn 50 1 3 1
2 Chandler Stephenson 50 1 3 1
Penalty Kill - 3 Players Defense
Defense Defense Time % Phy DF OF
1 Esa Lindell Ivan Provorov 50 1 3 1
2 Josh Manson Brenden Dillon 50 1 3 1
4 vs 4 Forward
Center Wing Time % Phy DF OF
1 John Tavares William Nylander 60 1 2 2
2 Chandler Stephenson Mark Scheifele 40 1 2 2
4 vs 4 Defense
Defense Defense Time % Phy DF OF
1 Esa Lindell Morgan Rielly 50 1 2 2
2 Ivan Provorov Brenden Dillon 50 1 2 2
Last Minutes Offensive
Center Left Wing Right Wing Defense Defense
John Tavares William Nylander Mark Scheifele Joshua Morrissey Morgan Rielly
Last Minutes Defensive
Center Left Wing Right Wing Defense Defense
Chandler Stephenson Alex Killorn J.T. Compher Ivan Provorov Esa Lindell
Goaltenders
Starting : Linus Ullmark
Backup : James Reimer
Extra Forwards
Normal : William Nylander, John Tavares, Mark Scheifele - PP : William Nylander, John Tavares - PK : Alex Killorn
Extra Defensemen
Normal : Esa Lindell, Morgan Rielly, Joshua Morrissey - PP : Morgan Rielly - PK : Esa Lindell, Ivan Provorov
Penalty Shots
Brenden Dillon, Teuvo Teravainen, Mark Scheifele, Calle Jarnkrok, Alex Killorn
Pittsburgh Penguins
5 vs 5 Forward
Center Left Wing Right Wing Time % Phy DF OF
1 Leon Draisaitl Pavel Buchnevich Mitchell Marner 30 1 2 2
2 Jean-Gabriel Pageau Anders Lee Sam Reinhart 30 1 2 2
3 Phillip Danault Jordan Eberle Ryan Johansen 25 1 2 2
4 Colton Sissons Gabriel Vilardi Jordan Eberle 15 1 2 2
5 vs 5 Defense
Defense Defense Time % Phy DF OF
1 Erik Karlsson Mattias Ekholm 35 1 2 2
2 Ryan Suter Brian Dumoulin 35 1 2 2
3 Erik Gudbranson J.J. Moser 30 1 2 2
4 Erik Karlsson Mattias Ekholm 0 1 2 2
PowerPlay Forward
Center Left Wing Right Wing Time % Phy DF OF
1 Leon Draisaitl Pavel Buchnevich Mitchell Marner 50 1 2 2
2 Jean-Gabriel Pageau Anders Lee Sam Reinhart 50 1 2 2
PowerPlay Defense
Defense Defense Time % Phy DF OF
1 Erik Karlsson Mattias Ekholm 50 1 2 2
2 Ryan Suter Brian Dumoulin 50 1 2 2
Penalty Kill 4 Players Forward
Center Wing Time % Phy DF OF
1 Leon Draisaitl Mitchell Marner 50 1 2 2
2 Sam Reinhart Pavel Buchnevich 50 1 2 2
Penalty Kill 4 Players Defense
Defense Defense Time % Phy DF OF
1 Erik Karlsson Mattias Ekholm 50 1 2 2
2 Ryan Suter Brian Dumoulin 50 1 2 2
Penalty Kill - 3 Players Forward
Forward Time % Phy DF OF
1 Leon Draisaitl 50 1 2 2
2 Mitchell Marner 50 1 2 2
Penalty Kill - 3 Players Defense
Defense Defense Time % Phy DF OF
1 Erik Karlsson Mattias Ekholm 50 1 2 2
2 Ryan Suter Brian Dumoulin 50 1 2 2
4 vs 4 Forward
Center Wing Time % Phy DF OF
1 Leon Draisaitl Mitchell Marner 50 1 2 2
2 Sam Reinhart Pavel Buchnevich 50 1 2 2
4 vs 4 Defense
Defense Defense Time % Phy DF OF
1 Erik Karlsson Mattias Ekholm 50 1 2 2
2 Ryan Suter Brian Dumoulin 50 1 2 2
Last Minutes Offensive
Center Left Wing Right Wing Defense Defense
Leon Draisaitl Pavel Buchnevich Mitchell Marner Erik Karlsson Mattias Ekholm
Last Minutes Defensive
Center Left Wing Right Wing Defense Defense
Leon Draisaitl Pavel Buchnevich Mitchell Marner Erik Karlsson Mattias Ekholm
Goaltenders
Starting : Akira Schmid
Backup : Marc-Andre Fleury
Extra Forwards
Normal : Tom Wilson, Gabriel Vilardi, Phillip Danault - PP : Tom Wilson, Gabriel Vilardi - PK : Phillip Danault
Extra Defensemen
Normal : Erik Gudbranson, J.J. Moser, Ryan Suter - PP : Erik Gudbranson - PK : J.J. Moser, Ryan Suter
Penalty Shots
Leon Draisaitl, Mitchell Marner, Sam Reinhart, Pavel Buchnevich, Jean-Gabriel Pageau
% Time on Ice - Anaheim Ducks
Lines # - Real PCT - Wanted PCT - Time Play
Normal Forward
1 - 38% - 40% - 22:05
2 - 29% - 30% - 16:49
3 - 20% - 20% - 11:34
4 - 14% - 10% - 8:22
Normal Defense
1 - 34% - 35% - 20:03
2 - 35% - 35% - 20:43
3 - 28% - 30% - 16:42
4 - 2% - 0% - 1:22
PP Forward
1 - 0% - 60%
2 - 0% - 40%
PP Defense
1 - 0% - 60%
2 - 0% - 40%
PK Forward
1 - 64% - 55% - 0:36
2 - 36% - 45% - 0:20
PK Defense
1 - 21% - 50% - 0:12
2 - 79% - 50% - 0:44
PK3 Forward
1 - 0% - 50%
2 - 0% - 50%
PK3 Defense
1 - 0% - 50%
2 - 0% - 50%
44 Forward
1 - 0% - 60%
2 - 0% - 40%
44 Defense
1 - 0% - 50%
2 - 0% - 50%
Last Minute Offensive - 0:14
Last Minute Defensive - 0:00
Total
Forward - 60:00
Defense - 60:00
|
% Time on Ice - Pittsburgh Penguins
Lines # - Real PCT - Wanted PCT - Time Play
Normal Forward
1 - 31% - 30% - 18:00
2 - 28% - 30% - 16:39
3 - 27% - 25% - 15:53
4 - 14% - 15% - 8:17
Normal Defense
1 - 34% - 35% - 19:47
2 - 36% - 35% - 21:17
3 - 30% - 30% - 17:30
4 - 0% - 0% - 0:15
PP Forward
1 - 48% - 50% - 0:27
2 - 52% - 50% - 0:29
PP Defense
1 - 64% - 50% - 0:36
2 - 36% - 50% - 0:20
PK Forward
1 - 0% - 50%
2 - 0% - 50%
PK Defense
1 - 0% - 50%
2 - 0% - 50%
PK3 Forward
1 - 0% - 50%
2 - 0% - 50%
PK3 Defense
1 - 0% - 50%
2 - 0% - 50%
44 Forward
1 - 0% - 50%
2 - 0% - 50%
44 Defense
1 - 0% - 50%
2 - 0% - 50%
Last Minute Offensive - 0:00
Last Minute Defensive - 0:15
Total
Forward - 60:00
Defense - 60:00
|
Play-by-Play
1st period
0:01 of 1st period - John Tavares wins face-off versus Leon Draisaitl in neutral zone.
0:04 of 1st period - Wrist shot by William Nylander.
0:04 of 1st period - Shot Blocked by Leon Draisaitl.
0:06 of 1st period - Wrist shot by Joshua Morrissey.
0:06 of 1st period - Shot Blocked by Pavel Buchnevich.
0:08 of 1st period - Wrist shot by John Tavares.
0:08 of 1st period - Stopped by Akira Schmid without a rebound.
0:09 of 1st period - Leon Draisaitl wins face-off versus John Tavares in Pittsburgh Penguins zone.
0:14 of 1st period - Wrist shot by Mitchell Marner.
0:14 of 1st period - Stopped by Linus Ullmark with a rebound.
1:14 of 1st period - Snap shot by Mark Scheifele.
1:14 of 1st period - Stopped by Akira Schmid with a rebound.
1:16 of 1st period - Slapshot by Morgan Rielly.
1:16 of 1st period - Stopped by Akira Schmid with a rebound.
1:46 of 1st period - Joshua Morrissey is hit by Erik Karlsson and loses puck.
2:07 of 1st period - Slapshot by John Tavares.
2:07 of 1st period - Deflect By Mark Scheifele.
2:07 of 1st period - Shot Misses the Net.
2:07 of 1st period - Puck is out of play.
2:08 of 1st period - Chandler Stephenson wins face-off versus Jean-Gabriel Pageau in Pittsburgh Penguins zone.
3:39 of 1st period - Nazem Kadri is hit by Tom Wilson and loses puck.
3:56 of 1st period - Wrist shot by Calle Jarnkrok.
3:56 of 1st period - Stopped by Akira Schmid without a rebound.
3:57 of 1st period - Max Domi wins face-off versus Phillip Danault in Pittsburgh Penguins zone.
4:28 of 1st period - Snap shot by Anders Lee.
4:28 of 1st period - Goal by Anders Lee - Anaheim Ducks : 0 - Pittsburgh Penguins : 1.
4:29 of 1st period - Phillip Danault wins face-off versus Chandler Stephenson in neutral zone.
4:54 of 1st period - Esa Lindell is hit by Jean-Gabriel Pageau and loses puck.
5:01 of 1st period - Slapshot by Ivan Provorov.
5:01 of 1st period - Deflect By Brayden Schenn.
5:01 of 1st period - Shot Misses the Net.
5:01 of 1st period - Puck is out of play.
5:02 of 1st period - Max Domi wins face-off versus Jean-Gabriel Pageau in Pittsburgh Penguins zone.
5:19 of 1st period - Snap shot by Teuvo Teravainen.
5:19 of 1st period - Shot Misses the Net.
5:39 of 1st period - Snap shot by Gabriel Vilardi.
5:39 of 1st period - Shot Misses the Net.
5:55 of 1st period - Off-side.
5:56 of 1st period - Jean-Gabriel Pageau wins face-off versus Chandler Stephenson in neutral zone.
6:07 of 1st period - Snap shot by Chandler Stephenson.
6:07 of 1st period - Stopped by Akira Schmid with a rebound.
6:09 of 1st period - Slapshot by Esa Lindell.
6:09 of 1st period - Deflect By Chandler Stephenson.
6:09 of 1st period - Shot Blocked by J.J. Moser.
6:09 of 1st period - Puck is out of play.
6:10 of 1st period - Chandler Stephenson wins face-off versus Phillip Danault in Pittsburgh Penguins zone.
6:35 of 1st period - Sam Reinhart is hit by Ivan Provorov and loses puck.
6:44 of 1st period - Snap shot by Anders Lee.
6:44 of 1st period - Stopped by Linus Ullmark without a rebound.
6:45 of 1st period - Phillip Danault wins face-off versus Max Domi in Anaheim Ducks zone.
6:56 of 1st period - Wrist shot by Ryan Johansen.
6:56 of 1st period - Goal by Ryan Johansen - Anaheim Ducks : 0 - Pittsburgh Penguins : 2.
6:57 of 1st period - Colton Sissons wins face-off versus Chandler Stephenson in neutral zone.
7:02 of 1st period - Slapshot by Alex Killorn.
7:02 of 1st period - Shot Misses the Net.
7:22 of 1st period - Snap shot by Sam Reinhart.
7:22 of 1st period - Stopped by Linus Ullmark without a rebound.
7:23 of 1st period - John Tavares wins face-off versus Jean-Gabriel Pageau in Anaheim Ducks zone.
7:56 of 1st period - Snap shot by Chandler Stephenson.
7:56 of 1st period - Shot Blocked by Jean-Gabriel Pageau.
7:58 of 1st period - Snap shot by Brayden Schenn.
7:58 of 1st period - Shot Misses the Net.
8:12 of 1st period - Snap shot by Ryan Johansen.
8:12 of 1st period - Shot Misses the Net.
8:14 of 1st period - Backhand shot by Brian Dumoulin.
8:14 of 1st period - Shot Misses the Net.
8:55 of 1st period - Snap shot by Mark Scheifele.
8:55 of 1st period - Shot Misses the Net.
9:21 of 1st period - Mark Scheifele is hit by Sam Reinhart and loses puck.
10:12 of 1st period - Jean-Gabriel Pageau is hit by Joshua Morrissey and loses puck.
11:22 of 1st period - Sam Reinhart is hit by Nazem Kadri and loses puck.
12:06 of 1st period - Ivan Provorov is hit by Tom Wilson and loses puck.
12:26 of 1st period - Minor Penalty to Josh Manson for Holding.
12:27 of 1st period - Leon Draisaitl wins face-off versus Chandler Stephenson in Anaheim Ducks zone.
12:32 of 1st period - Snap shot by Mitchell Marner.
12:32 of 1st period - Stopped by Linus Ullmark without a rebound.
12:33 of 1st period - Chandler Stephenson wins face-off versus Leon Draisaitl in Anaheim Ducks zone.
12:50 of 1st period - Wrist shot by Leon Draisaitl.
12:50 of 1st period - Shot Blocked by Alex Killorn.
13:02 of 1st period - Backhand shot by Jean-Gabriel Pageau.
13:02 of 1st period - Deflect By Anders Lee.
13:02 of 1st period - Stopped by Linus Ullmark without a rebound.
13:03 of 1st period - J.T. Compher wins face-off versus Jean-Gabriel Pageau in Anaheim Ducks zone.
13:14 of 1st period - Snap shot by Jean-Gabriel Pageau.
13:14 of 1st period - Stopped by Linus Ullmark without a rebound.
13:15 of 1st period - Jean-Gabriel Pageau wins face-off versus J.T. Compher in Anaheim Ducks zone.
13:22 of 1st period - Wrist shot by Jean-Gabriel Pageau.
13:22 of 1st period - Goal by Jean-Gabriel Pageau - Anaheim Ducks : 0 - Pittsburgh Penguins : 3.
13:23 of 1st period - John Tavares wins face-off versus Leon Draisaitl in neutral zone.
13:32 of 1st period - Wrist shot by William Nylander.
13:32 of 1st period - Shot Misses the Net.
13:40 of 1st period - Wrist shot by William Nylander.
13:40 of 1st period - Stopped by Akira Schmid without a rebound.
13:41 of 1st period - Phillip Danault wins face-off versus Chandler Stephenson in Pittsburgh Penguins zone.
13:41 of 1st period - Phillip Danault is hit by Brayden Schenn.
13:57 of 1st period - Snap shot by Chandler Stephenson.
13:57 of 1st period - Shot Misses the Net.
15:13 of 1st period - Snap shot by Sam Reinhart.
15:13 of 1st period - Deflect By Anders Lee.
15:13 of 1st period - Stopped by Linus Ullmark without a rebound.
15:14 of 1st period - Jean-Gabriel Pageau wins face-off versus Chandler Stephenson in Anaheim Ducks zone.
15:52 of 1st period - Backhand shot by Mark Scheifele.
15:52 of 1st period - Stopped by Akira Schmid with a rebound.
16:08 of 1st period - Wrist shot by Max Domi.
16:08 of 1st period - Shot Misses the Net.
16:10 of 1st period - Slapshot by Brenden Dillon.
16:10 of 1st period - Shot Blocked by Brian Dumoulin.
16:22 of 1st period - Snap shot by Sam Reinhart.
16:22 of 1st period - Deflect By Jean-Gabriel Pageau.
16:22 of 1st period - Stopped by Linus Ullmark with a rebound.
16:32 of 1st period - Sam Reinhart is hit by Nazem Kadri and loses puck.
17:15 of 1st period - Wrist shot by William Nylander.
17:15 of 1st period - Shot Misses the Net.
17:17 of 1st period - Wrist shot by Brenden Dillon.
17:17 of 1st period - Stopped by Akira Schmid without a rebound.
17:18 of 1st period - John Tavares wins face-off versus Anders Lee in Pittsburgh Penguins zone.
17:45 of 1st period - Phillip Danault is hit by Ivan Provorov and loses puck.
18:10 of 1st period - Wrist shot by Jordan Eberle.
18:10 of 1st period - Stopped by Linus Ullmark with a rebound.
18:53 of 1st period - William Nylander is hit by Mitchell Marner and loses puck.
19:06 of 1st period - Snap shot by Brayden Schenn.
19:06 of 1st period - Shot Misses the Net.
19:08 of 1st period - Snap shot by Brayden Schenn.
19:08 of 1st period - Shot Misses the Net.
Goals for this period are 0 for Anaheim Ducks vs 3 for Pittsburgh Penguins.
Shots for this period are 8 for Anaheim Ducks vs 12 for Pittsburgh Penguins.
2nd period
0:01 of 2nd period - John Tavares wins face-off versus Phillip Danault in neutral zone.
0:29 of 2nd period - Snap shot by Sam Reinhart.
0:29 of 2nd period - Stopped by Linus Ullmark without a rebound.
0:30 of 2nd period - Chandler Stephenson wins face-off versus Jean-Gabriel Pageau in Anaheim Ducks zone.
0:30 of 2nd period - Chandler Stephenson is hit by Sam Reinhart.
1:06 of 2nd period - Anders Lee is hit by Chandler Stephenson and loses puck.
1:41 of 2nd period - Sam Reinhart is hit by Brayden Schenn and loses puck.
3:33 of 2nd period - Slapshot by Jean-Gabriel Pageau.
3:33 of 2nd period - Stopped by Linus Ullmark with a rebound.
3:59 of 2nd period - Off-side.
4:00 of 2nd period - John Tavares wins face-off versus Phillip Danault in neutral zone.
4:11 of 2nd period - Wrist shot by Mark Scheifele.
4:11 of 2nd period - Stopped by Akira Schmid without a rebound.
4:12 of 2nd period - John Tavares wins face-off versus Phillip Danault in Pittsburgh Penguins zone.
4:44 of 2nd period - Wrist shot by Max Domi.
4:44 of 2nd period - Stopped by Akira Schmid with a rebound.
5:30 of 2nd period - Jordan Eberle is hit by Max Domi and loses puck.
5:55 of 2nd period - Ryan Johansen is hit by Nazem Kadri and loses puck.
6:10 of 2nd period - J.J. Moser is hit by Esa Lindell and loses puck.
6:45 of 2nd period - Nazem Kadri is hit by Jordan Eberle and loses puck.
14:48 of 2nd period - Max Domi is hit by Ryan Johansen.
16:17 of 2nd period - Icing by Ivan Provorov.
16:18 of 2nd period - Colton Sissons wins face-off versus John Tavares in Anaheim Ducks zone.
16:40 of 2nd period - Nazem Kadri is hit by Sam Reinhart.
17:12 of 2nd period - Slapshot by Phillip Danault.
17:12 of 2nd period - Shot Misses the Net.
17:14 of 2nd period - Slapshot by Ryan Johansen.
17:14 of 2nd period - Stopped by Linus Ullmark without a rebound.
17:15 of 2nd period - William Nylander wins face-off versus Leon Draisaitl in Anaheim Ducks zone.
17:22 of 2nd period - Slapshot by William Nylander.
17:22 of 2nd period - Stopped by Akira Schmid with a rebound.
17:24 of 2nd period - Slapshot by Joshua Morrissey.
17:24 of 2nd period - Shot Misses the Net.
17:26 of 2nd period - Wrist shot by John Tavares.
17:26 of 2nd period - Deflect By Mark Scheifele.
17:26 of 2nd period - Shot Misses the Net.
17:26 of 2nd period - Puck is out of play.
17:27 of 2nd period - Leon Draisaitl wins face-off versus John Tavares in Pittsburgh Penguins zone.
17:32 of 2nd period - Mark Scheifele is hit by Ryan Suter and loses puck.
18:06 of 2nd period - Slapshot by Ryan Suter.
18:06 of 2nd period - Deflect By Joshua Morrissey.
18:06 of 2nd period - Stopped by Linus Ullmark without a rebound.
18:07 of 2nd period - Pavel Buchnevich wins face-off versus Max Domi in Anaheim Ducks zone.
18:12 of 2nd period - Wrist shot by Mitchell Marner.
18:12 of 2nd period - Shot Misses the Net.
18:14 of 2nd period - Snap shot by Mattias Ekholm.
18:14 of 2nd period - Shot Blocked by Max Domi.
18:44 of 2nd period - Ryan Johansen is hit by John Tavares and loses puck.
18:56 of 2nd period - Off-side.
18:57 of 2nd period - Jean-Gabriel Pageau wins face-off versus Chandler Stephenson in neutral zone.
19:01 of 2nd period - Off-side.
19:02 of 2nd period - Mitchell Marner wins face-off versus Brayden Schenn in neutral zone.
19:05 of 2nd period - Wrist shot by Leon Draisaitl.
19:05 of 2nd period - Stopped by Linus Ullmark with a rebound.
19:07 of 2nd period - Snap shot by Brian Dumoulin.
19:07 of 2nd period - Stopped by Linus Ullmark without a rebound.
19:08 of 2nd period - Leon Draisaitl wins face-off versus John Tavares in Anaheim Ducks zone.
19:11 of 2nd period - Slapshot by Mitchell Marner.
19:11 of 2nd period - Shot Misses the Net.
19:13 of 2nd period - Snap shot by Ryan Suter.
19:13 of 2nd period - Shot Blocked by Mark Scheifele.
19:15 of 2nd period - Snap shot by Mitchell Marner.
19:15 of 2nd period - Shot Misses the Net.
19:17 of 2nd period - Snap shot by Mitchell Marner.
19:17 of 2nd period - Stopped by Linus Ullmark without a rebound.
19:18 of 2nd period - Leon Draisaitl wins face-off versus John Tavares in Anaheim Ducks zone.
19:55 of 2nd period - Snap shot by Anders Lee.
19:55 of 2nd period - Shot Misses the Net.
19:57 of 2nd period - Slapshot by Sam Reinhart.
19:57 of 2nd period - Stopped by Linus Ullmark without a rebound.
19:58 of 2nd period - Pavel Buchnevich wins face-off versus Chandler Stephenson in Anaheim Ducks zone.
19:59 of 2nd period - Snap shot by Leon Draisaitl.
19:59 of 2nd period - Stopped by Linus Ullmark without a rebound.
Goals for this period are 0 for Anaheim Ducks vs 0 for Pittsburgh Penguins.
Shots for this period are 3 for Anaheim Ducks vs 9 for Pittsburgh Penguins.
3rd period
0:01 of 3rd period - Leon Draisaitl wins face-off versus John Tavares in neutral zone.
0:08 of 3rd period - Slapshot by Mitchell Marner.
0:08 of 3rd period - Stopped by Linus Ullmark without a rebound.
0:09 of 3rd period - Leon Draisaitl wins face-off versus Mark Scheifele in Anaheim Ducks zone.
0:33 of 3rd period - Slapshot by Leon Draisaitl.
0:33 of 3rd period - Deflect By John Tavares.
0:33 of 3rd period - Stopped by Linus Ullmark without a rebound.
0:34 of 3rd period - Chandler Stephenson wins face-off versus Phillip Danault in Anaheim Ducks zone.
0:59 of 3rd period - Max Domi is hit by Sam Reinhart and loses puck.
1:30 of 3rd period - Backhand shot by John Tavares.
1:30 of 3rd period - Shot Misses the Net.
1:32 of 3rd period - Slapshot by Brenden Dillon.
1:32 of 3rd period - Shot Misses the Net.
2:44 of 3rd period - Colton Sissons is hit by Teuvo Teravainen and loses puck.
3:11 of 3rd period - Wrist shot by Jordan Eberle.
3:11 of 3rd period - Stopped by Linus Ullmark with a rebound.
3:13 of 3rd period - Wrist shot by Colton Sissons.
3:13 of 3rd period - Stopped by Linus Ullmark without a rebound.
3:14 of 3rd period - Leon Draisaitl wins face-off versus John Tavares in Anaheim Ducks zone.
3:41 of 3rd period - Brenden Dillon is hit by Sam Reinhart and loses puck.
3:48 of 3rd period - Slapshot by Sam Reinhart.
3:48 of 3rd period - Stopped by Linus Ullmark without a rebound.
3:49 of 3rd period - Chandler Stephenson wins face-off versus Jean-Gabriel Pageau in Anaheim Ducks zone.
5:19 of 3rd period - Snap shot by Brayden Schenn.
5:19 of 3rd period - Stopped by Akira Schmid without a rebound.
5:20 of 3rd period - Phillip Danault wins face-off versus Chandler Stephenson in Pittsburgh Penguins zone.
5:20 of 3rd period - Phillip Danault is hit by Brayden Schenn.
5:30 of 3rd period - Snap shot by Chandler Stephenson.
5:30 of 3rd period - Shot Misses the Net.
5:32 of 3rd period - Snap shot by Morgan Rielly.
5:32 of 3rd period - Shot Misses the Net.
5:34 of 3rd period - Slapshot by Joshua Morrissey.
5:34 of 3rd period - Shot Blocked by Brian Dumoulin.
5:36 of 3rd period - Wrist shot by Joshua Morrissey.
5:36 of 3rd period - Stopped by Akira Schmid without a rebound.
5:37 of 3rd period - John Tavares wins face-off versus Leon Draisaitl in Pittsburgh Penguins zone.
5:54 of 3rd period - Snap shot by Mitchell Marner.
5:54 of 3rd period - Stopped by Linus Ullmark with a rebound.
6:27 of 3rd period - Slapshot by Teuvo Teravainen.
6:27 of 3rd period - Shot Misses the Net.
6:33 of 3rd period - Wrist shot by Anders Lee.
6:33 of 3rd period - Stopped by Linus Ullmark without a rebound.
6:34 of 3rd period - John Tavares wins face-off versus Jordan Eberle in Anaheim Ducks zone.
6:41 of 3rd period - Wrist shot by William Nylander.
6:41 of 3rd period - Deflect By John Tavares.
6:41 of 3rd period - Shot Blocked by Jordan Eberle.
6:41 of 3rd period - Puck is out of play.
6:42 of 3rd period - John Tavares wins face-off versus Phillip Danault in Pittsburgh Penguins zone.
6:43 of 3rd period - Snap shot by William Nylander.
6:43 of 3rd period - Shot Misses the Net.
6:48 of 3rd period - Ryan Johansen is hit by Mark Scheifele and loses puck.
7:09 of 3rd period - Wrist shot by Chandler Stephenson.
7:09 of 3rd period - Stopped by Akira Schmid with a rebound.
7:55 of 3rd period - Colton Sissons is hit by John Tavares and loses puck.
8:02 of 3rd period - Snap shot by Mark Scheifele.
8:02 of 3rd period - Stopped by Akira Schmid with a rebound.
8:29 of 3rd period - Icing by Leon Draisaitl.
8:30 of 3rd period - Leon Draisaitl wins face-off versus Chandler Stephenson in Pittsburgh Penguins zone.
9:00 of 3rd period - Off-side.
9:01 of 3rd period - Phillip Danault wins face-off versus John Tavares in neutral zone.
9:09 of 3rd period - Snap shot by Jordan Eberle.
9:09 of 3rd period - Stopped by Linus Ullmark with a rebound.
9:11 of 3rd period - Slapshot by Erik Gudbranson.
9:11 of 3rd period - Stopped by Linus Ullmark with a rebound.
9:13 of 3rd period - Slapshot by Erik Gudbranson.
9:13 of 3rd period - Shot Blocked by John Tavares.
9:15 of 3rd period - Slapshot by Phillip Danault.
9:15 of 3rd period - Shot Misses the Net.
9:17 of 3rd period - Wrist shot by Phillip Danault.
9:17 of 3rd period - Stopped by Linus Ullmark with a rebound.
9:39 of 3rd period - Snap shot by Chandler Stephenson.
9:39 of 3rd period - Stopped by Akira Schmid without a rebound.
9:40 of 3rd period - William Nylander wins face-off versus Jean-Gabriel Pageau in Pittsburgh Penguins zone.
9:43 of 3rd period - Slapshot by John Tavares.
9:43 of 3rd period - Shot Blocked by Anders Lee.
9:49 of 3rd period - Snap shot by Sam Reinhart.
9:49 of 3rd period - Stopped by Linus Ullmark without a rebound.
9:50 of 3rd period - Jean-Gabriel Pageau wins face-off versus John Tavares in Anaheim Ducks zone.
10:01 of 3rd period - Slapshot by Sam Reinhart.
10:01 of 3rd period - Stopped by Linus Ullmark without a rebound.
10:02 of 3rd period - John Tavares wins face-off versus Jordan Eberle in Anaheim Ducks zone.
10:02 of 3rd period - John Tavares is hit by Ryan Johansen.
10:08 of 3rd period - Ryan Johansen is hit by John Tavares and loses puck.
10:29 of 3rd period - Alex Killorn is hit by Mitchell Marner and loses puck.
10:58 of 3rd period - Off-side.
10:59 of 3rd period - John Tavares wins face-off versus Ryan Johansen in neutral zone.
11:02 of 3rd period - Wrist shot by Mark Scheifele.
11:02 of 3rd period - Shot Misses the Net.
11:04 of 3rd period - Wrist shot by Mark Scheifele.
11:04 of 3rd period - Stopped by Akira Schmid with a rebound.
11:06 of 3rd period - Snap shot by John Tavares.
11:06 of 3rd period - Shot Misses the Net.
11:32 of 3rd period - Snap shot by Max Domi.
11:32 of 3rd period - Shot Misses the Net.
11:34 of 3rd period - Snap shot by Max Domi.
11:34 of 3rd period - Stopped by Akira Schmid with a rebound.
11:36 of 3rd period - Snap shot by J.T. Compher.
11:36 of 3rd period - Stopped by Akira Schmid without a rebound.
11:37 of 3rd period - Jean-Gabriel Pageau wins face-off versus Chandler Stephenson in Pittsburgh Penguins zone.
11:46 of 3rd period - Snap shot by Sam Reinhart.
11:46 of 3rd period - Stopped by Linus Ullmark with a rebound.
11:48 of 3rd period - Snap shot by Jean-Gabriel Pageau.
11:48 of 3rd period - Stopped by Linus Ullmark without a rebound.
11:49 of 3rd period - John Tavares wins face-off versus Mitchell Marner in Anaheim Ducks zone.
11:49 of 3rd period - John Tavares is hit by Erik Gudbranson.
12:44 of 3rd period - Ryan Johansen is hit by Max Domi and loses puck.
13:11 of 3rd period - Snap shot by Mason Marchment.
13:11 of 3rd period - Deflect By Nazem Kadri.
13:11 of 3rd period - Stopped by Akira Schmid with a rebound.
13:17 of 3rd period - Josh Manson is hit by Leon Draisaitl and loses puck.
13:54 of 3rd period - Wrist shot by Chandler Stephenson.
13:54 of 3rd period - Goal by Chandler Stephenson - Anaheim Ducks : 1 - Pittsburgh Penguins : 3.
13:55 of 3rd period - John Tavares wins face-off versus Leon Draisaitl in neutral zone.
14:45 of 3rd period - Off-side.
14:46 of 3rd period - Jean-Gabriel Pageau wins face-off versus Chandler Stephenson in neutral zone.
15:50 of 3rd period - Snap shot by William Nylander.
15:50 of 3rd period - Stopped by Akira Schmid with a rebound.
16:15 of 3rd period - Slapshot by Teuvo Teravainen.
16:15 of 3rd period - Shot Misses the Net.
16:17 of 3rd period - Snap shot by Max Domi.
16:17 of 3rd period - Shot Misses the Net.
16:19 of 3rd period - Slapshot by Max Domi.
16:19 of 3rd period - Stopped by Akira Schmid without a rebound.
16:20 of 3rd period - Jean-Gabriel Pageau wins face-off versus John Tavares in Pittsburgh Penguins zone.
16:20 of 3rd period - Jean-Gabriel Pageau is hit by Ivan Provorov.
16:26 of 3rd period - Wrist shot by Mark Scheifele.
16:26 of 3rd period - Shot Blocked by Jean-Gabriel Pageau.
16:28 of 3rd period - Snap shot by William Nylander.
16:28 of 3rd period - Shot Misses the Net.
16:30 of 3rd period - Snap shot by Mark Scheifele.
16:30 of 3rd period - Goal by Mark Scheifele - Anaheim Ducks : 2 - Pittsburgh Penguins : 3.
16:31 of 3rd period - John Tavares wins face-off versus Phillip Danault in neutral zone.
16:34 of 3rd period - Brian Dumoulin is hit by William Nylander and loses puck.
16:51 of 3rd period - Ryan Suter is hit by John Tavares and loses puck.
17:36 of 3rd period - Brian Dumoulin is hit by John Tavares and loses puck.
18:08 of 3rd period - Wrist shot by Ryan Johansen.
18:08 of 3rd period - Shot Misses the Net.
18:34 of 3rd period - Anaheim Ducks, Linus Ullmark is pulled from the net.
18:34 of 3rd period - Backhand shot by William Nylander.
18:34 of 3rd period - Shot Misses the Net.
18:36 of 3rd period - Snap shot by Ivan Provorov.
18:36 of 3rd period - Stopped by Akira Schmid without a rebound.
18:37 of 3rd period - Leon Draisaitl wins face-off versus Max Domi in Pittsburgh Penguins zone.
18:37 of 3rd period - Leon Draisaitl is hit by J.T. Compher.
19:11 of 3rd period - Slapshot by Mitchell Marner.
19:11 of 3rd period - Goal by Mitchell Marner - Anaheim Ducks : 2 - Pittsburgh Penguins : 4.
19:11 of 3rd period - Linus Ullmark from Anaheim Ducks was sent back in the game.
19:12 of 3rd period - Max Domi wins face-off versus Leon Draisaitl in neutral zone.
19:53 of 3rd period - Erik Gudbranson is hit by Calle Jarnkrok.
Goals for this period are 2 for Anaheim Ducks vs 1 for Pittsburgh Penguins.
Shots for this period are 14 for Anaheim Ducks vs 15 for Pittsburgh Penguins.
Back to the Top